Map: Ephemeron LE

Players

INnoVation

  • Race: Terran Terran
  • Spawn Location: 11:00

Serral - Winner!

  • Race: Zerg Zerg
  • Spawn Location: 5:00

Event: IEM Katowice 2020

VOD

Have the link to the VOD?

Description

Time

  • Played on: Feb. 29, 2020, 10:08 a.m.
  • Length: 11:11

All games in this series

Show
View Real Time Build Order
Export as new Build Order

INnoVation Terran 

Build Orders: Reaper Expand 

Get SALT Encoding   

  12  0:00  SCV  
  13  0:12  SCV  
  14  0:17  Supply Depot  
  14  0:24  SCV  
  15  0:38  SCV  
  15  0:39  Barracks  
  16  0:43  Refinery  
  16  0:50  SCV  
  17  1:02  SCV  
  18  1:15  SCV  
  19  1:25  Reaper  
  19  1:27  Orbital Command  
  20  1:40  Command Center  
  20  1:51  Supply Depot  
  20  1:52  SCV  
  21  1:57  Marine  
  22  2:05  SCV  
  23  2:14  Factory  
  23  2:17  SCV  
  23  2:20  Barracks Reactor  
  24  2:29  SCV  
  25  2:38  Command Center  
  25  2:41  SCV  
  26  2:51  Orbital Command  
  26  2:53  SCV  
  27  3:04  Hellion x2, Barracks Tech Lab  
  31  3:07  SCV  
  32  3:17  SCV  
  32  3:19  SCV  
  34  3:23  Marine, Stimpack  
  34  3:26  Hellion x2  
  39  3:31  SCV x2  
  39  3:33  Refinery  
  41  3:42  Marine  
  41  3:43  SCV x2  
  44  3:51  Orbital Command  
  44  3:55  SCV x2, Barracks  
  45  3:56  Factory Reactor  
  45  3:57  Barracks  
  45  4:00  Marine  
  47  4:07  SCV  
  47  4:08  SCV  
  47  4:09  Engineering Bay  
  49  4:12  Engineering Bay  
  49  4:19  SCV  
  49  4:20  SCV  
  49  4:21  Supply Depot  
  49  4:22  Marine, Orbital Command  
  52  4:30  Refinery  
  49  4:31  SCV  
  49  4:32  SCV  
  49  4:33  Refinery  
  49  4:38  Terran Infantry Weapons Level 1, Terran Infantry Armor Level 1  
  51  4:40  Marine  
  51  4:43  SCV  
  51  4:44  SCV  
  52  4:46  Factory Reactor  
  52  4:47  Marine, Starport  
  52  4:48  Marine  
  52  4:52  SCV  
  55  4:56  SCV, Marine x2  
  55  4:58  Marine  
  59  5:05  Marine  
  59  5:06  Marine, Combat Shield  
  62  5:07  SCV x2, Supply Depot  
  62  5:08  SCV  
  64  5:14  Marine x2  
  64  5:16  Marine  
  64  5:17  Supply Depot  
  64  5:19  SCV x2  
  69  5:29  SCV  
  69  5:31  Supply Depot  
  69  5:32  Medivac x2, Factory Tech Lab  
  69  5:33  Marine x3  
  77  5:38  Marine x2  
  77  5:39  SCV x2  
  77  5:41  SCV  
  77  5:42  Armory  
  82  5:44  Supply Depot  
  82  5:51  SCV x2  
  82  5:53  SCV, Siege Tank  
  82  5:54  Supply Depot  
  82  5:56  Marine x2, Supply Depot  
  82  5:57  Marine x2  
  90  5:58  Marine  
  93  6:06  Medivac x2  
  93  6:10  SCV x3  
  100  6:16  Supply Depot  
  100  6:18  Marine x5  
  102  6:19  Supply Depot  
  105  6:28  Barracks  
  105  6:29  Barracks, Siege Tank  
  108  6:33  SCV x3  
  108  6:37  Marine  
  108  6:38  Marine x4  
  115  6:44  Terran Infantry Weapons Level 2, Terran Infantry Armor Level 2  
  115  6:47  Refinery  
  115  6:55  Marine x2  
  115  6:56  Marine x3  
  115  6:58  Supply Depot  
  115  7:01  Supply Depot, Siege Tank  
  118  7:13  Marine x2  
  118  7:14  Barracks  
  120  7:16  Barracks  
  120  7:17  Barracks  
  120  7:24  Marine x2, Medivac x2  
  120  7:25  Barracks Reactor x2  
  120  7:26  Marine  
  125  7:31  Marine x2  
  125  7:35  SCV  
  125  7:36  SCV  
  115  7:42  Marine x2  
  115  7:43  Marine  
  121  7:48  SCV x3  
  121  7:49  Marine x2  
  126  7:57  Medivac  
  126  7:58  Medivac  
  130  8:00  Marine, Concussive Shells  
  130  8:01  Siege Tank  
  130  8:02  Marauder  
  130  8:03  Marine  
  130  8:04  Marine x3, Barracks Reactor, Barracks Tech Lab  
  137  8:07  Barracks Reactor  
  137  8:11  Marine  
  137  8:12  Marine x2  
  140  8:17  Supply Depot  
  140  8:18  Marine, Supply Depot  
  141  8:23  Marauder  
  141  8:24  Marauder  
  145  8:27  Sensor Tower  
  145  8:29  Supply Depot  
  145  8:33  Siege Tank  
  148  8:34  Marine  
  144  8:45  Marauder  
  144  8:46  Marauder  
  135  8:51  Marine x11  
  140  9:00  Medivac x2  
  144  9:02  Marine  
  144  9:06  Marauder  
  144  9:07  Marauder  
  144  9:09  Supply Depot x2  
  146  9:10  Supply Depot  
  146  9:12  Siege Tank  
  149  9:18  Supply Depot  
  149  9:19  Supply Depot  
  147  9:30  Marine x6  
  147  9:31  Marauder  
  146  9:36  Marine  
  146  9:37  Marine x3, Marauder  
  146  9:41  Medivac  
  146  9:44  Siege Tank  
  146  9:45  Marine x2, Medivac  
  154  9:52  Marauder  
  156  9:53  Marine  
  156  9:54  Marine x2  
  156  9:55  Marine x3  
  156  9:59  Marine x2  
  155  10:00  Marine  
  131  10:11  Marine x5  
  131  10:12  Marine  
  110  10:17  Siege Tank  
  112  10:24  Marine x3, Marauder  
  111  10:29  Marine x4  
  111  10:35  Marine x3  
  115  10:38  Marauder  
  115  10:40  Marine  
  115  10:41  Marine  
  121  10:43  Marine x2  
Show
View Real Time Build Order
Export as new Build Order

Serral Zerg - Winner!

Build Orders: Hatch First 

Get SALT Encoding   

  12  0:00  Drone  
  13  0:13  Overlord  
  13  0:16  Drone  
  14  0:32  Drone x2  
  16  0:47  Hatchery  
  15  0:51  Drone  
  15  0:54  Drone  
  17  0:58  Drone  
  18  1:08  Extractor  
  17  1:14  Spawning Pool  
  17  1:16  Drone  
  17  1:20  Drone  
  18  1:28  Drone  
  19  1:39  Drone  
  20  1:50  Overlord  
  20  2:00  Queen x2  
  24  2:01  Zergling x2  
  24  2:02  Zergling x2  
  26  2:11  Drone, Metabolic Boost  
  26  2:12  Drone  
  28  2:22  Drone  
  29  2:23  Drone  
  30  2:35  Hatchery  
  28  2:40  Drone x2  
  30  2:46  Queen  
  32  2:53  Overlord  
  32  2:54  Drone  
  32  2:56  Drone  
  34  3:00  Drone  
  35  3:12  Drone x4  
  39  3:13  Overlord  
  39  3:15  Drone  
  40  3:23  Drone, Queen  
  43  3:30  Overlord  
  43  3:32  Overlord  
  43  3:38  Zergling x2  
  43  3:40  Drone x2  
  46  3:41  Overlord  
  46  3:46  Zergling x2  
  46  3:47  Queen  
  49  3:48  Zergling x4  
  49  3:54  Drone  
  49  3:55  Drone x3  
  55  3:59  Queen  
  57  4:06  Zergling x2  
  57  4:07  Drone x2  
  60  4:11  Drone x2  
  60  4:12  Drone x2  
  60  4:14  Overlord  
  64  4:19  Lair  
  64  4:20  Extractor  
  64  4:23  Drone  
  64  4:24  Drone  
  64  4:25  Drone  
  64  4:31  Drone x2  
  68  4:33  Drone x3  
  68  4:34  Drone  
  72  4:40  Zergling x2, Baneling Nest  
  72  4:42  Drone  
  73  4:47  Extractor x2  
  73  4:48  Drone  
  73  4:50  Drone x3  
  73  4:52  Drone  
  76  4:54  Drone  
  76  4:56  Drone  
  78  5:00  Drone x3  
  78  5:01  Hatchery  
  78  5:05  Overlord  
  78  5:06  Zergling x2  
  81  5:14  Evolution Chamber  
  81  5:16  Drone, Overlord x3  
  81  5:17  Evolution Chamber  
  81  5:20  Overseer  
  80  5:25  Centrifical Hooks  
  79  5:29  Zergling x14  
  79  5:33  Zergling x6  
  89  5:35  Zergling x2  
  89  5:39  Pneumatized Carapace  
  89  5:41  Zerg Melee Weapons Level 1  
  90  5:44  Zerg Ground Armor Level 1  
  90  5:48  Zergling x12  
  96  5:54  Zergling x6  
  96  5:55  Zergling x2  
  100  5:59  Baneling  
  100  6:00  Baneling x6  
  100  6:10  Zergling x14  
  107  6:12  Zergling x2  
  108  6:20  Zergling x6  
  108  6:25  Overlord  
  107  6:26  Zergling x10  
  112  6:34  Drone, Queen  
  112  6:35  Drone x5  
  112  6:39  Drone  
  119  6:42  Spore Crawler, Drone  
  119  6:43  Overseer  
  119  6:45  Baneling x4  
  119  6:48  Baneling  
  119  6:49  Baneling x4  
  119  6:50  Baneling x4  
  119  6:51  Overlord  
  119  6:53  Zergling x10  
  123  6:57  Baneling x7  
  123  6:58  Zergling x8  
  127  7:02  Overlord  
  127  7:07  Zergling x6  
  126  7:13  Overlord  
  126  7:15  Zergling x6  
  129  7:19  Zergling x8  
  129  7:22  Baneling x5  
  133  7:24  Zergling x2  
  133  7:25  Zergling x16  
  125  7:37  Drone x3  
  125  7:38  Drone  
  125  7:40  Queen, Zerg Melee Weapons Level 2, Zerg Ground Armor Level 2  
  129  7:44  Drone x3  
  129  7:47  Zergling x12  
  137  7:54  Drone  
  137  7:55  Zergling x6  
  136  8:00  Drone  
  136  8:01  Hatchery, Drone x2  
  136  8:02  Zergling x2  
  139  8:06  Baneling x11  
  139  8:09  Overlord  
  139  8:10  Overlord x3  
  139  8:14  Overseer  
  139  8:28  Zergling x18  
  139  8:30  Baneling x8  
  148  8:36  Zergling x10  
  147  8:43  Zergling x8  
  147  8:48  Baneling x6  
  148  8:51  Zergling x6  
  144  8:56  Infestation Pit  
  144  8:58  Drone x5  
  144  8:59  Hatchery  
  144  9:02  Zergling x16  
  153  9:05  Zergling x2  
  153  9:09  Baneling x8  
  154  9:14  Queen  
  154  9:15  Zergling x10  
  161  9:24  Zergling x8  
  157  9:29  Zergling x26  
  158  9:35  Zergling x4  
  155  9:40  Hive  
  155  9:43  Zergling x6  
  158  9:51  Zergling x10  
  163  9:55  Baneling  
  163  9:56  Baneling x9  
  163  9:58  Hatchery  
  150  10:00  Zergling x16  
  134  10:10  Zergling x14  
  134  10:13  Queen x2  
  132  10:16  Baneling x9  
  132  10:20  Zergling x10  
  132  10:21  Zergling x8  
  136  10:26  Zergling x12  
  136  10:28  Zergling x2  
  136  10:35  Zergling x8  
  141  10:36  Baneling x8  
  141  10:37  Baneling x5  
  141  10:41  Zergling x8  
  141  10:42  Zergling x6  
  150  10:44  Zergling x14  
  150  10:46  Baneling x4  
  156  10:51  Zergling x10  
  144  11:05  Extractor  

Tags
 
Add a new tag
Caveats
  • Supply blocks, unpowered buildings, or Contaminate may cause inaccurate times.
  • Supply counts are checked every 10 seconds.